AoeStats
← Triqem

Arena

509021718Analyzed
3v3 RM · 8d ago on Sep 25, 2026· 48m 31s· 6 players
Game mode
Random Map
Map size
Normal (6 player)
Population
200
Speed
Normal
Resources
Standard
Victory
Conquest
Starting age
Dark Age
Ending age
Imperial Age
RankedLock teamsTeams togetherTeam positionsShared explorationLock speedFull tech treeHidden civsTurbo modeCheats
Victory
Defeat
🇺🇸 Franks · United States
1151
+12
🇺🇸 Danes · United States
1095
+14
🇺🇸 Byzantines · United States
1071
+15
🇦🇺 Khmer · Australia
1065
-14
🇦🇺 Danes · Australia
1056
-14
🇦🇷 Inca · Argentina
1040
-13
tony halcon
10:28 Feudal Age
14:10 Castle Age
12:14 Double-Bit Axe
12:29 Horse Collar
15:17 Bow Saw
21:30 Wheelbarrow
21:37 Wheelbarrow
21:54 Loom
22:11 Fletching
22:22 Padded Archer Armor
23:29 Elite Skirmisher
24:51 Gold Mining
24:58 Stone Mining
25:26 Bodkin Arrow
26:35 Leather Archer Armor
26:27 Thumb Ring
27:10 Hand Cart
30:41 Imperial Age
29:17 Ballistics
28:39 Treadmill Crane
29:11 Fortified Wall
29:12 Masonry
28:58 Murder Holes
31:25 Bracer
31:55 Ring Archer Armor
32:04 Andean Sling
32:05 Fabric Shields
32:31 Conscription
32:47 Hoardings
32:29 Scale Mail Armor
33:43 Chemistry
34:23 Onager
35:14 Siege Engineers
39:05 Heavy Plow
39:49 Town Watch
40:35 Town Patrol
41:46 Sappers
MAC0406
10:47 Feudal Age
15:27 Castle Age
13:51 Double-Bit Axe
13:48 Horse Collar
16:28 Loom
18:55 Forging
28:45 Imperial Age
27:11 Wheelbarrow
26:42 Gold Mining
27:47 Heavy Plow
27:47 Gambesons
28:04 Scale Mail Armor
28:19 Town Watch
29:34 Capped Ram
30:45 Squires
34:02 Chain Mail Armor
34:19 Pikeman
36:32 Iron Casting
37:40 Gold Shaft Mining
37:31 Bow Saw
37:20 Halberdier
40:59 Plate Mail Armor
40:07 Hamask
42:36 Hand Cart
43:31 Blast Furnace
43:07 Stone Mining
48:34 Conscription
Neverwin
9:10 Feudal Age
12:50 Castle Age
14:37 Double-Bit Axe
15:53 Bow Saw
16:01 Loom
19:18 Horse Collar
23:14 Wheelbarrow
23:32 Fletching
23:47 Padded Archer Armor
24:21 Bodkin Arrow
30:04 Imperial Age
27:52 Hand Cart
27:49 Padded Archer Armor
27:49 Scale Mail Armor
28:08 Gold Mining
27:44 Pikeman
29:14 Elite Skirmisher
30:11 Forging
31:04 Gold Shaft Mining
31:17 Conscription
32:05 Bracer
32:26 Stone Mining
33:17 Leather Archer Armor
33:38 Iron Casting
35:28 Ring Archer Armor
35:14 Chain Mail Armor
35:34 Halberdier
37:27 Blast Furnace
39:08 Town Watch
39:31 Double Crossbow
39:00 Elite Ballista Elephant
43:12 Stone Shaft Mining
42:32 Elite Battle Elephant
43:22 Tusk Swords
44:00 Scale Barding Armor
44:01 Husbandry
44:11 Bloodlines
45:12 Bloodlines
47:34 Chain Barding Armor
DVaso
10:55 Feudal Age
14:39 Castle Age
14:11 Fletching
14:11 Double-Bit Axe
14:07 Horse Collar
14:19 Gold Mining
14:40 Loom
16:20 Bow Saw
20:50 Fervor
28:47 Imperial Age
27:18 Heavy Plow
27:22 Squires
29:21 Scale Mail Armor
29:36 Onager
30:59 Wheelbarrow
30:09 Town Watch
31:31 Siege Engineers
33:36 Conscription
34:38 Chain Mail Armor
33:46 Elite Varangian Guard
34:49 Forging
36:05 Plate Mail Armor
36:03 Northmen's Fury
37:04 Siege Onager
39:09 Ballistics
39:26 Bodkin Arrow
41:05 Iron Casting
42:44 Arson
44:01 Blast Furnace
44:11 Masonry
Triqem
5:33 Loom
11:36 Feudal Age
16:07 Castle Age
17:17 Double-Bit Axe
19:17 Wheelbarrow
19:25 Horse Collar
23:57 Scale Barding Armor
24:45 Bow Saw
29:07 Imperial Age
27:37 Forging
28:41 Chain Barding Armor
28:21 Stone Mining
28:24 Gold Mining
28:45 Heavy Plow
30:54 Plate Barding Armor
29:47 Light Cavalry
31:52 Iron Casting
31:28 Husbandry
33:05 Gold Shaft Mining
33:25 Crop Rotation
33:15 Hussar
37:13 Two-Man Saw
36:31 Logistica
37:08 Elite Cataphract
39:16 Conscription
40:34 Stone Shaft Mining
45:25 Hand Cart
47:40 Hoardings
Mhafiki
10:58 Feudal Age
15:25 Castle Age
13:16 Double-Bit Axe
20:15 Bow Saw
23:46 Gold Mining
29:24 Imperial Age
27:30 Wheelbarrow
26:40 Loom
26:41 Town Watch
27:03 Stone Mining
28:22 Town Patrol
29:17 Gold Shaft Mining
28:55 Husbandry
30:25 Hand Cart
30:42 Scale Barding Armor
30:48 Forging
31:57 Chain Barding Armor
32:05 Cavalier
33:34 Iron Casting
39:17 Plate Barding Armor
39:43 Blast Furnace
39:12 Paladin
40:06 Elite Throwing Axeman
46:15 Fletching
46:26 Padded Archer Armor
47:57 Hoardings
47:47 Conscription
48:09 Bodkin Arrow
48:29 Leather Archer Armor
48:38 Leather Archer Armor
Connection lost

Rejoining the realm…

Still unreachable

The connection could not be restored.

Session expired

The server has moved on; the page needs a fresh start.